 Dungeon Crawl Stone Soup version 0.20.1-1-g8b1a95d (webtiles) character file.

67 Lanoc the Grasshopper (level 4, -7/30 HPs)
             Began as an Octopode Warper on Nov 28, 2017.
             Mangled by an ogre
             ... wielding a +0 giant spiked club
              (27 damage)
             ... on level 3 of the Dungeon.
             The game lasted 00:09:36 (1569 turns).

Lanoc the Grasshopper (Octopode Warper)             Turns: 1569, Time: 00:09:37

Health: -7/30      AC:  1    Str: 10    XL:     4   Next: 16%
Magic:  25/25      EV: 14    Int: 16    God:
Gold:   213        SH:  0    Dex: 11    Spells: 3/8 levels left

rFire    . . .     SeeInvis .   l - +2 hand axe (chop)
rCold    . . .     Gourm    .   (no shield)
rNeg     . . .     Faith    .   (helmet restricted)
rPois    .         Spirit   .   (no amulet)
rElec    .         Reflect  .   n - ring of magical power
rCorr    .         Harm     .   p - ring of magical power
MR       .....                  (no ring)
Stlth    ++........             (no ring)
Regen    0.1/turn               (no ring)
MPRegen  0.2/turn               (no ring)
                                (no ring)
                                (no ring)

@: no status effects
A: almost no armour, stealthy swim, amphibious, 8 rings, constrict 8, camouflage
1, gelatinous body 1
a: no special abilities


You were on level 3 of the Dungeon.
You were not hungry.

You visited 1 branch of the dungeon, and saw 3 of its levels.

You collected 213 gold pieces.

Inventory:

Hand Weapons
 l - a +2 hand axe of chopping (weapon)
Missiles
 d - 3 tomahawks of dispersal (quivered)
Jewellery
 n - a ring of magical power (left tentacle)
 p - a ring of magical power (right tentacle)
Scrolls
 c - a scroll of blinking
 j - a scroll of fog {unknown}
 k - a scroll of remove curse
 m - 3 scrolls of teleportation {unknown}
 q - a scroll of fear {unknown}
 t - a scroll of immolation {unknown}
 w - a scroll of recharging {unknown}
Potions
 a - a potion of mutation {unknown}
 e - a potion of magic
 g - a potion of invisibility
 o - a potion of curing
 s - a potion of might {unknown}
 u - a potion of lignification {unknown}
Books
 b - a book of Spatial Translocations

   Spells                             Type                      Level
   a - Blink                          Translocation                2
   b - Shroud of Golubria             Charms/Translocation         2
   c - Lesser Beckoning               Translocation                3
   d - Gell's Gravitas                Translocation                3
   e - Teleport Other                 Translocation                3
   f - Passage of Golubria            Translocation                4
Comestibles
 f - 2 bread rations
 h - 3 chunks of flesh
 i - 3 meat rations
 r - a fruit
 v - 2 royal jellies


   Skills:
 + Level 2.3 Fighting
 + Level 2.7 Axes
 + Level 1.1 Throwing
 + Level 2.8 Dodging
 + Level 0.4 Stealth
 + Level 2.5 Spellcasting
 + Level 3.4 Translocations


You had 3 spell levels left.
You knew the following spells:

 Your Spells              Type           Power        Failure   Level  Hunger
a - Blink                 Tloc           N/A          8%          2    ##.....
b - Gell's Gravitas       Tloc           ##........   14%         3    ###....


Dungeon Overview and Level Annotations

Branches:
Dungeon (3/15)

Altars:
Ashenzari
Hepliaklqana


Innate Abilities, Weirdness & Mutations

You cannot wear most types of armour.
You are very stealthy in the water. (Stealth+)
You are amphibious.
You can wear up to eight rings at the same time.
You can use your tentacles to constrict eight enemies at once.
Your skin changes colour to match your surroundings (Stealth+).
Your rubbery body absorbs attacks. (AC +1, EV +1)


Message History

Press: ? - help, Shift-Dir - straight line, f/p - ogre
Aim: an ogre, wielding a giant spiked club (lightly wounded)
You throw a tomahawk of dispersal.
The tomahawk of dispersal hits the ogre.
The ogre blinks!
You hit the ogre.
The ogre is moderately wounded.
The ogre misses you.
You completely miss the ogre.
The ogre is moderately wounded.
The ogre hits you with a giant spiked club!
Casting: Blink
Confirm with . or Enter, or press ? or * to list all spells.
Aiming: Gell's Gravitas
Press: ? - help, Dir - move target cursor, f/p - ogre
Aim: an ogre, wielding a giant spiked club (moderately wounded) Gravity reorients around the ogre.
The ogre hits you with a giant spiked club!!
Ouch! That really hurt!
You die...

#### .... #... #####
#...#### #......# . #.#
#.O###.# #
#####.######@.###.##
......#.......###..#
#.....).....#..(#
##.#.####...#...######
#<#.####..._.........
#.#........#........#
##.#.####...#..##.....#.#
#####..).#
#..###..........#
##)....#..#
##.###..#.....#.#


You could see an ogre.

Vanquished Creatures
  An adder (D:2)
  A worm (D:3)
  A dart slug (D:1)
  3 leopard geckos
  A ball python (D:1)
  5 giant cockroaches
  8 goblins
  4 hobgoblins
  3 jackals (D:2)
  3 kobolds
  A quokka (D:2)
  9 bats
  4 rats
44 creatures vanquished.

Notes
Turn   | Place    | Note
-------+----------+-------------------------------------------
     0 | D:1      | Lanoc the Octopode Warper began the quest for the Orb.
     0 | D:1      | Reached XP level 1. HP: 14/14 MP: 3/3
   227 | D:1      | Reached XP level 2. HP: 16/19 MP: 5/5
   387 | D:1      | Learned a level 2 spell: Blink
   714 | D:1      | Reached XP level 3. HP: 24/24 MP: 6/6
   717 | D:1      | Noticed a big kobold
   717 | D:1      | Noticed a big kobold
   717 | D:1      | Noticed a big kobold
   721 | D:1      | Noticed a big kobold
   965 | D:2      | Learned a level 3 spell: Gell's Gravitas
  1281 | D:2      | Found a hazy altar of Hepliaklqana.
  1378 | D:2      | Reached XP level 4. HP: 24/29 MP: 7/7
  1465 | D:3      | Found a shattered altar of Ashenzari.
  1513 | D:3      | Noticed an ogre
  1569 | D:3      | Mangled by an ogre

Action                   |  1- 3 |  4- 6 || total
-------------------------+-------+-------++-------
Melee: Hand axe          |    79 |    13 ||    92
       Constrict         |    18 |     3 ||    21
       Tentacles         |     4 |     2 ||     6
Throw: Tomahawk          |       |     2 ||     2
 Cast: Blink             |    15 |     1 ||    16
       Gell's Gravitas   |       |     1 ||     1
  Use: Scroll            |     5 |       ||     5
 Stab: Sleeping          |     7 |     1 ||     8
  Eat: Chunk             |     3 |       ||     3
Armor: Skin              |    12 |     1 ||    13
Dodge: Dodged            |    49 |     5 ||    54
